 Dungeon Crawl Stone Soup version 0.30-a0-389-g8d7d949 (webtiles) character file.

Game seed: 4146382548472837198

38 BarneyGumball the Sneak (level 3, 0/18 HPs)
             Began as a Vine Stalker Brigand on Dec 3, 2022.
             Succumbed to an adder's poison
             ... on level 2 of the Dungeon.
             The game lasted 00:06:00 (871 turns).

BarneyGumball the Sneak (Vine Stalker Brigand)       Turns: 871, Time: 00:06:01

Health: 0/18       AC:  3    Str: 13    XL:     3   Next: 43%
Magic:  3/4        EV: 11    Int: 11    God:
Gold:   64         SH:  0    Dex: 17    Spells: 2/2 levels left

rFire   . . .      SeeInvis .    a - +2 dagger
rCold   . . .      Faith    .    (no shield)
rNeg    . . .      Spirit   +    b - +0 robe
rPois   .          Reflect  .    (no helmet)
rElec   .          Harm     .    c - +0 cloak
rCorr   .          Rampage  .    (no gloves)
Will    .....                    (no boots)
Stlth   +++.......               (no amulet)
HPRegen 0.23/turn                (no ring)
MPRegen 0.09/turn                (no ring)

@: brilliant, lethally poisoned (0 -> -2), flying
A: fangs 2, magic shield, antimagic bite, no potion heal 2
a: no special abilities


You were on level 2 of the Dungeon.
You visited 1 branch of the dungeon, and saw 2 of its levels.

You collected 64 gold pieces.

Inventory:

Hand Weapons
 a - a +2 dagger (weapon)
Missiles
 d - 12 poisoned darts (quivered)
 e - 3 curare-tipped darts
Armour
 b - a +0 robe (worn)
 c - a +0 cloak (worn)
 k - the +1 leather armour of the Morning Star {rC+ Int-3 Dex+5}
   (You found it on level 2 of the Dungeon)

   Int:       It affects your intelligence (-3).
   Dex:       It affects your dexterity (+5).
   rC:        It protects you from cold.
Jewellery
 g - a ring of fire


   Skills:
 - Level 1.7 Fighting
 * Level 2.7 Short Blades
 + Level 2.2 Throwing
 - Level 0.7 Dodging
 + Level 5.2 Stealth


You had 2 spell levels left.
You didn't know any spells.
Your spell library was empty.

Dungeon Overview and Level Annotations

Branches:
Dungeon (2/15)

Altars:


Innate Abilities, Weirdness & Mutations

You have extremely sharp teeth.
When hurt, damage is shared between your health and your magic reserves.
Your bite disrupts and absorbs the magic of your enemies.
Potions cannot restore your health.


Message History

Throw: 13 darts (poison)
Press: ? - help, Q - select action, (/) - cycle Shift-Dir - straight line, f - adder
Aim: an adder (moderately wounded, 42% to hit)
You throw a poisoned dart. The poisoned dart hits the adder.
The adder is moderately wounded.
You feel sick. The adder bites you.
You hit the adder. You bite the adder. You drain its power.
You feel invigorated.
The adder is almost dead.
You feel sick. The adder bites you.
You are lethally poisoned!
The adder poisons you!
You hit the adder.
You kill the adder!
* * * LOW HITPOINT WARNING * * *
You feel sick.
It was a potion of flight.
You feel very buoyant.
You fly up into the air.
* * * LOW HITPOINT WARNING * * *
You feel sick.
It was a potion of brilliance.
You feel clever all of a sudden.
* * * LOW HITPOINT WARNING * * *
You feel sick.
Okay, then.
As you read the scroll labelled TAMEF SIMOTRO, it crumbles to dust.
It is a scroll of amnesia.
You feel forgetful for a moment.
* * * LOW HITPOINT WARNING * * *
You feel sick.
As you read the scroll labelled HYCUDGHEYMP, it crumbles to dust.
It is a scroll of identify.
You don't have any unidentified items.
* * * LOW HITPOINT WARNING * * *
You feel sick.
There is a lethal amount of poison in your body!
* * * LOW HITPOINT WARNING * * *
You feel sick.
You die...

############
#.....$....#
#.......$..#
#..........#
#.<........#
#......(...#
#..........#
#..........#
#........@.#
#..........#
#.........!#
#####.###.##
####.# #..#
##...)# #....
##.....# ..##..
####.)....#....
...
#....##.....#
..


There were no monsters in sight!

Vanquished Creatures
  An adder (D:2)
  4 endoplasms
  4 goblins
  3 hobgoblins
  4 kobolds
  A ball python (D:1)
  4 bats
  2 frilled lizards
  4 rats
27 creatures vanquished.

Notes
Turn   | Place    | Note
-------+----------+-------------------------------------------
     0 | D:1      | BarneyGumball the Vine Stalker Brigand began the quest for
                  | the Orb.
     0 | D:1      | Reached XP level 1. HP: 11/11 MP: 2/2
    96 | D:1      | Reached skill level 5 in Stealth
    96 | D:1      | Reached XP level 2. HP: 15/15 MP: 3/3
   770 | D:2      | Identified the +1 leather armour of the Morning Star {rC+
                  | Int-3 Dex+5}
   785 | D:2      | Reached XP level 3. HP: 16/18 MP: 4/4
   871 | D:2      | Succumbed to an adder's poison

Illustrated notes

Levels and vault maps discovered:
D:1:      dpeg_arrival_rhombus, layout_loops_ring, grunt_decor_fettered,
          minmay_misc_feat_more_columns
D:2:      layout_rooms, basic_altar, uniq_robin

Skill      XL: |  1  2 |
---------------+-------+-----
Short Blades   | 2 |  2.7
Stealth        | 5 |  5.2
Throwing       | 2 |  2.2
Fighting       | |  1.7
Dodging        | |  0.7

Action                   || total
-------------------------++-------
Melee: Dagger            ||    61
       Bite              ||    10
       Punch             ||     1
Throw: Dart              ||     1
  Use: Scroll            ||     2
       Potion            ||     2
 Stab: Sleeping          ||     7
       Distracted        ||     1
Armor: Robe              ||    13
Dodge: Dodged            ||    20

Table legend: (Time is in decaauts)
 A = Elapsed time spent in this place.
 B = Non-inter-level travel time spent in this place.
 C = Inter-level travel time spent in this place.
 D = Time resting spent in this place.
 E = Time spent auto-exploring this place.
 F = Levels seen in this place.
 G = Mean time per level.
                   A        B        C        D        E       F      G
               +--------+--------+--------+--------+--------+-----+--------+
         Total |    863 |    810 |     53 |     18 |    566 |   2 |  431.5 |
       Dungeon |    863 |    810 |     53 |     18 |    566 |   2 |  431.5 |
               +--------+--------+--------+--------+--------+-----+--------+

Top non-repeatable levels by time:
     D:1: 727 daAuts
     D:2: 136 daAuts
